 Dungeon Crawl Stone Soup version 0.29.0-13-gc9e81de378 (webtiles) character file.

Game seed: 1106987072696986859

420 sanka the Cleaver (level 6, 0/51 HPs)
             Began as a Minotaur Berserker on Sept 7, 2022.
             Was a Priest of Trog.
             Slain by a gnoll
             ... wielding a +0 whip
              (4 damage)
             ... on level 4 of the Dungeon.
             The game lasted 00:03:10 (3278 turns).

sanka the Cleaver (Minotaur Berserker)              Turns: 3278, Time: 00:03:11

Health: 0/51       AC:  4    Str: 22    XL:     6   Next: 62%
Magic:  5/5        EV: 12    Int:  4    God:    Trog [***...]
Gold:   144        SH:  0    Dex: 11    Spells: 5/5 levels left

rFire   + . .      SeeInvis .   a - +2 war axe (flame)
rCold   . . .      Faith    .   (no shield)
rNeg    . . .      Spirit   .   r - +2 robe {Will+}
rPois   +          Reflect  .   (helmet restricted)
rElec   .          Harm     .   (no cloak)
rCorr   .          Rampage  .   (no gloves)
Will    +....                   (no boots)
Stlth   +.........              (no amulet)
HPRegen 0.17/turn               d - ring of protection from fire
MPRegen 0.09/turn               c - ring of poison resistance

@: no status effects
A: horns 2, retaliatory headbutt
a: Renounce Religion, Berserk, Trog's Hand


You were on level 4 of the Dungeon.
You worshipped Trog.
Trog was most pleased with you.
You visited 1 branch of the dungeon, and saw 4 of its levels.

You collected 144 gold pieces.


Innate Abilities, Weirdness & Mutations

You have a pair of horns on your head.
You reflexively headbutt those who attack you in melee.


   Skills:
 - Level 3.6 Fighting
 + Level 9.1 Axes
 - Level 2.4 Armour
 - Level 2.1 Dodging


You had 5 spell levels left.
You didn't know any spells.
Your spell library was empty.

Inventory:

Hand Weapons
 a - a +2 war axe of flaming (weapon)
Missiles
 t - 3 javelins (quivered)
 w - 2 throwing nets {=f}
Armour
 r - a +2 robe of willpower (worn)
Jewellery
 c - a ring of poison resistance (right hand)
 d - a ring of protection from fire (left hand)
Wands
 m - a wand of polymorph (10)
Scrolls
 b - a scroll of vulnerability {unknown}
 e - a scroll of magic mapping {unknown}
 f - a scroll of teleportation {unknown}
 h - 2 scrolls of enchant armour {unknown}
 i - 2 scrolls of poison {unknown}
 k - 6 scrolls of identify {unknown}
 q - 2 scrolls of fog {unknown}
 s - a scroll of noise {unknown}
 v - a scroll of blinking {unknown}
Potions
 g - 2 potions of might {unknown}
 j - 2 potions of mutation {unknown}
 l - 2 potions of ambrosia {unknown}
 n - 2 potions of curing {unknown}
 o - a potion of brilliance {unknown}
 p - a potion of lignification {unknown}
 u - a potion of haste {unknown}

Dungeon Overview and Level Annotations

Branches:
Dungeon (4/15)
 Temple: D:4-7

Altars:

..▒ ..▒▒
▒▒...▒▒▒..
.).▒
▒▒........▒
...▒▒
.........▒
....▒▒▒▒▒..
.......▒
..........▒
▒.....▒
........▒▒▒
.gg.▒
......▒▒▒
▒g)▒
▒...▒▒▒
▒Hg▒ ▒..▒▒
▒.)▒ ▒..▒
▒..▒ .▒.▒
▒▒▒▒▒▒▒▒..▒
...▒▒▒▒
▒.........▒
▒▒..▒.▒
▒...♣♣♣...▒
▒..▒.▒▒
▒..♣▒ ▒♣..▒
▒...▒▒ ▒..♣
♣..▒ ....▒
▒..♣▒ ♣..▒


You could see 4 gnolls.


Message History

Trog accepts your kill.
You closely miss the gnoll.
The gnoll hits you from afar with a +0 spear.
* * * LOW HITPOINT WARNING * * *
The gnoll closely misses you.
You closely miss the gnoll.
The gnoll is moderately wounded.
You barely miss the gnoll. The gnoll closely misses you.
The gnoll hits you with a +0 whip.
* * * LOW HITPOINT WARNING * * *
The gnoll hits you with a +0 whip.
* * * LOW HITPOINT WARNING * * *
You closely miss the gnoll.
The gnoll is moderately wounded.
You barely miss the gnoll. The gnoll completely misses you.
The gnoll hits you with a +0 whip.
* * * LOW HITPOINT WARNING * * *
The gnoll hits you with a +0 whip.
* * * LOW HITPOINT WARNING * * *
The gnoll hits you but does no damage.
You barely miss the gnoll.
The gnoll is moderately wounded.
You hit the gnoll. You burn the gnoll.
The gnoll hits you from afar with a +0 spear.
* * * LOW HITPOINT WARNING * * *
The gnoll hits you with a +0 whip.
You die...

Action                   |  1- 3 |  4- 6 || total
-------------------------+-------+-------++-------
Melee: Hand axe          |    67 |    60 ||   127
       Headbutt          |    12 |    14 ||    26
       Punch             |     2 |       ||     2
       War axe           |       |    53 ||    53
Invok: Trog's Hand       |     1 |       ||     1
 Stab: Distracted        |     1 |       ||     1
       Sleeping          |       |     2 ||     2
Armor: Animal skin       |    10 |     2 ||    12
       Robe              |       |    10 ||    10
Dodge: Dodged            |    31 |    72 ||   103

Levels and vault maps discovered:
D:1:      minmay_arrival_three_doors, layout_rooms,
          ebering_ecumenical_altar_box, serial_rivers,
          chequers_serial_rivers_micro_b, chequers_serial_rivers_micro_e,
          chequers_serial_rivers_large_b, chequers_serial_rivers_micro_d,
          minmay_pentomino_s2
D:2:      layout_loops_cross, corexii_hall_statues_i, uniq_sigmund
D:3:      layout_basic
D:4:      layout_layer_cave, makhleb_blood_cavern_becter,
          minmay_stone_trees_small

Notes
Turn   | Place    | Note
-------+----------+-------------------------------------------
     0 | D:1      | sanka the Minotaur Berserker began the quest for the Orb.
     0 | D:1      | Reached XP level 1. HP: 19/19 MP: 0/0
   146 | D:1      | Reached skill level 4 in Axes
   153 | D:1      | Reached XP level 2. HP: 14/26 MP: 1/1
   677 | D:1      | Reached skill level 5 in Axes
   770 | D:1      | Reached XP level 3. HP: 22/31 MP: 2/2
   771 | D:1      | Found a faded altar of an unknown god.
  1211 | D:2      | Reached ** piety under Trog
  1278 | D:2      | Noticed Sigmund
  1289 | D:2      | Killed Sigmund
  1290 | D:2      | Reached skill level 7 in Axes
  1290 | D:2      | Reached XP level 4. HP: 32/39 MP: 3/3
  1290 | D:2      | Reached XP level 5. HP: 37/45 MP: 4/4
  2315 | D:3      | Reached skill level 8 in Axes
  2434 | D:3      | Reached XP level 6. HP: 51/51 MP: 5/5
  3015 | D:4      | Identified the +8 dagger "Worm" {holy, rF- Will+ Int+2
                  | SInv}
  3266 | D:4      | Reached *** piety under Trog
  3273 | D:4      | Reached skill level 9 in Axes
  3278 | D:4      | HP: 4/51 [gnoll/+0 spear (4)]
  3278 | D:4      | Slain by a gnoll

Vanquished Creatures
  Sigmund (D:2)
  A scorpion (D:4)
  An orc priest (D:4)
  6 gnolls
  A worm (D:2)
  6 dart slugs
  7 orcs
  3 ball pythons
  6 endoplasms
  3 giant cockroaches
  11 goblins
  5 hobgoblins
  10 jackals
  2 quokkas
  3 bats
  2 frilled lizards
  15 kobolds
  8 rats
91 creatures vanquished.
